 Dungeon Crawl Stone Soup version bcrawl-1.21.2-20-g6d45ba5942 (webtiles) character file.

Game seed: 5260943816328589282

47 MisterOstroum the Charmwright (level 3, 0/24 HPs)
             Began as a Fairy Skald on Feb 26, 2020.
             Slain by a rat (3 damage)
             ... on level 3 of the Dungeon.
             The game lasted 00:02:28 (1768 turns).

MisterOstroum the Charmwright (Fairy Skald)         Turns: 1768, Time: 00:02:29

Health: 0/24       AC:  4    Str: 10    XL:     3   Next: 70%
Magic:  3/9        EV: 16    Int: 16    God:
Gold:   64         SH:  4    Dex: 11    Spells: 2/8 levels left

rFire    . . .     SeeInvis .   a - +0 spear
rCold    . . .     Gourm    .   (shield restricted)
rNeg     . . .     Faith    .   (armour unavailable)
rPois    .         Spirit   .   (no helmet)
rElec    .         Reflect  .   (no cloak)
rCorr    .         Harm     .   (no gloves)
MR       .....                  (no boots)
Stlth    ..........             (no amulet)
HPRegen  0.08/turn              (no ring)
MPRegen  0.11/turn              (no ring)

@: flying evasively, very slightly contaminated
A: small, magic attunement, unstealthy, unfitting armour, able to fly, AC/SH +4
a: Stop Flying


You were on level 3 of the Dungeon.
You were hungry.

You visited 1 branch of the dungeon, and saw 3 of its levels.

You collected 64 gold pieces.

Inventory:

Hand Weapons
 a - a +0 spear (weapon)
Missiles
 d - 230 sling bullets
 j - 164 stones (quivered)
 k - 148 bolts
 m - 175 arrows
Jewellery
 b - an uncursed ring of protection from magic {unknown}
 f - a +2 ring of intelligence {unknown}
Scrolls
 c - a scroll of fear {!r}
 i - 2 scrolls of amnesia {unknown}
 l - 2 scrolls of identify {unknown}
Potions
 g - 2 potions of flight {unknown}
 h - 2 potions of mutation {unknown}
 o - a potion of brilliance {unknown}
Comestibles
 e - 3 rations {!d}


   Skills:
 + Level 2.0 Fighting
 * Level 2.3 Polearms
 - Level 3.2 Dodging
 + Level 3.2 Spellcasting
 * Level 0.2 Hexes
 * Level 3.5 Charms


You had 2 spell levels left.
You knew the following spells:

 Your Spells              Type           Power        Failure   Level  Hunger
a - Infusion              Chrm           ##......     4%          1    None
b - Song of Slaying       Chrm           ##......     7%          2    None
c - Spectral Weapon       Hex/Chrm       #.......     26%         3    None

Your spell library contained the following spells:

 Spells                   Type           Power        Failure   Level  Hunger
 Ozocubu's Armour         Chrm/Ice       #.......     26%         3    None
 Regeneration             Chrm/Necr      #.........   26%         3    None


Dungeon Overview and Level Annotations

Branches:
Dungeon (3/12)

Altars:
Hepliaklqana
Xom


Innate Abilities, Weirdness & Mutations

Your spells do not cause hunger and MP costs are reduced by 1.
Your bright wings attract enemies. (Stealth-)
You cannot fit into any form of body armour.
Your shimmering scales are hard and can block incoming attacks. (AC +4, SH +4)
You are small and have problems with some larger weapons.
You can fly continuously.


Message History

The jackal barks!
The jackal moves out of view.
Found a stone staircase leading up.
Found an escape hatch in the ceiling.
Casting: Infusion (safe; 4% risk of failure)
Confirm with . or Enter, or press ? or * to list all spells.
You begin infusing your attacks with magical energy.
An adder comes into view.
Casting: Infusion (safe; 4% risk of failure)
Confirm with . or Enter, or press ? or * to list all spells.
You start singing a song of slaying.
The adder hisses angrily.
The jackal closely misses you.
You closely miss the jackal. The jackal closely misses you.
Casting: Song of Slaying (safe; 7% risk of failure)
Confirm with . or Enter, or press ? or * to list all spells.
You miscast Spectral Weapon.
You are very lightly contaminated with residual magic.
The dust glows shining orange!
The jackal bites you but does no damage.
You miss the adder. The jackal misses you.
The adder bites you but does no damage. The jackal bites you.
The adder misses you.
Casting: Spectral Weapon (safe; 26% risk of failure)
Confirm with . or Enter, or press ? or * to list all spells.
You draw out your weapon's spirit!
The jackal bites you but does no damage.
The adder bites you.
You are poisoned.
The adder poisons you!
You miss the adder.
Your magical infusion is running out.
You feel sick.
Your spectral weapon closely misses the adder.
The jackal misses you. The adder bites you. You block the jackal's attack.
You hit the adder!
The adder is severely wounded.
Your spectral weapon misses the adder.
The adder misses you. You block the jackal's attack.
The adder bites you but does no damage.
You hit the adder.
You kill the adder!
You feel sick. The jackal completely misses you.
You hit the jackal.
The jackal is severely wounded.
Your spectral weapon hits the jackal but does no damage.
The jackal bites your spectral weapon but does no damage.
The jackal bites your spectral weapon.
You miss the jackal.
The jackal is severely wounded.
You feel sick.
Your spectral weapon hits the jackal but does no damage.
The jackal barely misses you.
You hit the jackal!
You kill the jackal!
No target in view!
No target in view!
No target in view!
No target in view!
No target in view!
No target in view!
No target in view!
You start resting.
You are no longer magically infusing your attacks.
You feel sick.
Your spectral weapon fades away.
Your song is almost over.
You feel sick.
An ogre comes into view. It is wielding a +0 giant club.
An ogre is nearby!
An ogre is nearby!
You hear a shout!
You feel sick.
A rat comes into view.
A kobold comes into view. It is wielding a +0 dagger.
Your song has ended.
The kobold shouts!
The kobold throws a stone.
The stone closely misses you.
A giant cockroach comes into view.
An orc comes into view. It is wielding a +0 flail.
The rat misses you.
You feel sick.
You are no longer poisoned.
You block the kobold's attack.
Found 23 gold pieces.
You barely miss the orc. You block the kobold's attack.
The rat barely misses you. You block the orc's attack.
You barely miss the orc. You block the kobold's attack.
The rat barely misses you.
The giant cockroach completely misses you.
The orc completely misses you.
You barely miss the orc. The kobold completely misses you.
The giant cockroach misses you. The rat bites you.
You closely miss the orc. The orc hits you with a +0 flail!
* * * LOW HITPOINT WARNING * * *
The kobold hits you with a +0 dagger.
* * * LOW HITPOINT WARNING * * *
You block the giant cockroach's attack.
The rat twitches its whiskers.
The rat bites you.
You die...

......###...........
.......###...#....>..
.......P.##.♣♣♣♣.....
...........♣♣ ♣. ....
.......♣.O♣.♣.P. ...
$.....P...♣P..PP ..
#......P....PP.. .
#.....rs.♣.♣P.♣♣
#.....@K..♣♣ P♣
#.....o....♣ ♣
...............
................
................
..............##
..............#
...............


You could see an ogre, an orc, a giant cockroach, a kobold and a rat.

Vanquished Creatures
  An adder (D:3)
  3 dart slugs (D:1)
  A leopard gecko (D:2)
  6 bats
  A giant cockroach (D:2)
  3 hobgoblins
  8 jackals
  A kobold (D:2)
  A ball python (D:1)
  2 goblins (D:1)
  2 rats (D:2)
29 creatures vanquished.

Notes
Turn   | Place    | Note
-------+----------+-------------------------------------------
     0 | D:1      | MisterOstroum the Fairy Skald began the quest for the Orb.
     0 | D:1      | Reached XP level 1. HP: 14/14 MP: 6/6
   105 | D:1      | Reached XP level 2. HP: 19/19 MP: 0/7
   237 | D:1      | Learned a level 2 spell: Song of Slaying
   997 | D:2      | Reached XP level 3. HP: 23/24 MP: 5/9
  1227 | D:2      | Learned a level 3 spell: Spectral Weapon
  1568 | D:2      | Found a shimmering altar of Xom.
  1569 | D:2      | Found a hazy altar of Hepliaklqana.
  1569 | D:2      | Noticed a spectral ugly thing
  1570 | D:2      | Noticed a spectral ugly thing
  1570 | D:2      | Noticed a spectral ugly thing
  1757 | D:3      | Noticed an ogre
  1768 | D:3      | Slain by a rat

Skill      XL: |  1  2  3 |
---------------+----------+-----
Polearms       | 2 |  2.3
Spellcasting   | 3 |  3.2
Fighting       | 2 |  2.0
Dodging        | |  3.2
Hexes          | |  0.2
Charms         | |  3.5

Action                   || total
-------------------------++-------
Melee: Spear             ||   102
 Cast: Infusion          ||    12
       Song of Slaying   ||     8
       Spectral Weapon   ||     1
 Abil: Fly               ||     1
       Stop Flying       ||     1
  Eat: Chunk             ||     2
Armor: Skin              ||    18
Dodge: Dodged            ||    94
Block: Other             ||    24
